 Dungeon Crawl Stone Soup version 0.28-a0-728-g0181a31188 (webtiles) character file.

Game seed: 13925724421703472472

1524458 EnegeticOcto the Eclecticist (level 25, 190/190 HPs)
             Began as a Palentonga Ice Elementalist on Oct 27, 2021.
             Was the Champion of Ashenzari.
             Escaped with the Orb
             ... and 3 runes on Oct 28, 2021!
             The game lasted 02:32:53 (78670 turns).

EnegeticOcto the Eclecticist (PaIE)                Turns: 78670, Time: 02:32:53

Health: 190/190    AC: 28    Str: 14    XL:     25   Next: 0%
Magic:  51/51      EV: 12    Int: 25    God:    Ashenzari [******]
Gold:   3518       SH: 29    Dex: 16    Spells: 2/72 levels left

rFire   + . .      SeeInvis +   y - staff of cold (curse) {Self, Alch}
rCold   + . .      Faith    .   J - +8 tower shield of the Chained Planets {Elem, Comp} (curse)
rNeg    + . .      Spirit   .   a - +4 troll leather armour of Star-Bound Wisdom {Regen+, Comp, Self} (curse)
rPois   +          Reflect  .   m - +2 helmet "Thunder Perfect Mind" {Elem, Comp} (curse)
rElec   +          Harm     +   M - +2 cloak of Ashenzari's Burden {rCorr, Cun, Elem} (curse)
rCorr   +          Rampage  .   x - +1 pair of gloves "Mantic Omen" {+Inv rF+, Comp, Alch} (curse)
Will    ++...      Clarity  +   B - +3 barding of the Eye in the Sky {Elem, Self} (curse)
Stlth   +.........              g - amulet "Restrained Irritation" {Harm Regen+ rCorr Int-2, Elem, Fort} (curse)
HPRegen 2.41/turn               P - ring of the Cursed Affliction {rPois Will+ Int+3 Dex+4, Elem, Alch} (curse)
MPRegen 0.32/turn               W - ring of the Ensconced Pleiades {rElec rN+ Int+2, Elem, Bglg} (curse)

@: studying Spellcasting
A: large, rugged brown scales 3, see invisible, deformed body, roll 1, armoured
tail, reflexive curl, talons 1, berserk 1, dopey 1, frail 2, devolution 1
0: Orb of Zot
}: 3/15 runes: decaying, slimy, gossamer
a: Rolling Charge, Renounce Religion, Evoke Invisibility, Shatter the Chains


You escaped.
You worshipped Ashenzari.
Ashenzari was exalted by your worship.
You visited 11 branches of the dungeon, and saw 53 of its levels.
You also visited: Bailey, Ice Cave, Volcano and Desolation.

You collected 8069 gold pieces.
You spent 4551 gold pieces at shops.

Inventory:

Missiles
 q - 6 throwing nets {!f}
 X - 7 curare-tipped darts
Armour
 a - the cursed +4 troll leather armour of Star-Bound Wisdom (worn) {Regen+, Comp, Self}
   (You found it on level 2 of the Orcish Mines)

   Regen:     It increases your rate of health regeneration.
   It has a curse which improves the following skills: Companions: Summonings
   and Necromancy.
   Introspection: Fighting and Spellcasting.
 m - the cursed +2 helmet "Thunder Perfect Mind" (worn) {Elem, Comp}
   (You found it on level 3 of the Dungeon)

   It has a curse which improves the following skills: Elements: Fire Magic, Ice
   Magic, Air Magic and Earth Magic.
   Companions: Summonings and Necromancy.
 x - the cursed +1 pair of gloves "Mantic Omen" (worn) {+Inv rF+, Comp, Alch}
   (You bought it in a shop on level 2 of the Elven Halls)

   rF:        It protects you from fire.
   +Inv:      It lets you turn invisible.
   It has a curse which improves the following skills: Companions: Summonings
   and Necromancy.
   Alchemy:   Poison Magic and Transmutations.
 B - the cursed +3 barding of the Eye in the Sky (worn) {Elem, Self}
   (You took it off a yaktaur captain on level 4 of the Vaults)

   It has a curse which improves the following skills: Elements: Fire Magic, Ice
   Magic, Air Magic and Earth Magic.
   Introspection: Fighting and Spellcasting.
 J - the cursed +8 tower shield of the Chained Planets (worn) {Elem, Comp}
   (You found it on level 6 of the Lair of Beasts)

   It has a curse which improves the following skills: Elements: Fire Magic, Ice
   Magic, Air Magic and Earth Magic.
   Companions: Summonings and Necromancy.
 M - the cursed +2 cloak of Ashenzari's Burden (worn) {rCorr, Cun, Elem}
   (You bought it in a shop on level 2 of the Elven Halls)

   It has a curse which improves the following skills: Cunning: Dodging and
   Stealth.
   Elements:  Fire Magic, Ice Magic, Air Magic and Earth Magic.
Magical Staves
 v - a staff of earth
   (You took it off a kobold demonologist on level 14 of the Dungeon)
 y - a cursed staff of cold (weapon) {Self, Alch}
   (You found it on level 3 of the Elven Halls)
Jewellery
 b - the ring "Neiz" {rC+ AC+4}
   (You took it off a deep elf zephyrmancer on level 1 of the Elven Halls)

   [ring of protection]

   AC:        It affects your AC (+4).
   rC:        It protects you from cold.
 g - the cursed amulet "Restrained Irritation" (around neck) {Harm Regen+ rCorr Int-2, Elem, Fort}
   (You found it in the Desolation of Salt)

   [amulet of regeneration]

   Int:       It affects your intelligence (-2).
   Regen:     It increases your rate of health regeneration.
   rCorr:     It protects you from acid and corrosion.
   Harm:      It increases damage dealt and taken.
   It has a curse which improves the following skills: Elements: Fire Magic, Ice
   Magic, Air Magic and Earth Magic.
   Fortitude: Armour and Shields.
 z - the ring of Wegav {Ice *Corrode rElec Will+ Str+6}
   (You found it in the Desolation of Salt)

   [ring of ice]

   It enhances your ice magic.
   Str:       It affects your strength (+6).
   rF:        It makes you vulnerable to fire.
   rC:        It protects you from cold.
   rElec:     It insulates you from electricity.
   *Corrode:  It may corrode you when you take damage.
   Will:      It increases your willpower.
 C - the ring "Luethau" {Fire Int+4 Dex+3}
   (You took it off a deep elf sorcerer on level 3 of the Elven Halls)

   [ring of fire]

   It enhances your fire magic.
   Int:       It affects your intelligence (+4).
   Dex:       It affects your dexterity (+3).
   rF:        It protects you from fire.
   rC:        It makes you vulnerable to cold.
 H - the ring "Hunourph" {rPois rCorr Str+2}
   (You found it on level 3 of the Elven Halls)

   [ring of resist corrosion]

   Str:       It affects your strength (+2).
   rPois:     It protects you from poison.
   rCorr:     It protects you from acid and corrosion.
 P - the cursed ring of the Cursed Affliction (left hand) {rPois Will+ Int+3 Dex+4, Elem, Alch}
   (You found it on level 3 of the Elven Halls)

   [ring of willpower]

   Int:       It affects your intelligence (+3).
   Dex:       It affects your dexterity (+4).
   rPois:     It protects you from poison.
   Will:      It increases your willpower.
   It has a curse which improves the following skills: Elements: Fire Magic, Ice
   Magic, Air Magic and Earth Magic.
   Alchemy:   Poison Magic and Transmutations.
 W - the cursed ring of the Ensconced Pleiades (right hand) {rElec rN+ Int+2, Elem, Bglg}
   (You found it on level 4 of the Lair of Beasts)

   [ring of positive energy]

   Int:       It affects your intelligence (+2).
   rElec:     It insulates you from electricity.
   rN:        It protects you from negative energy.
   It has a curse which improves the following skills: Elements: Fire Magic, Ice
   Magic, Air Magic and Earth Magic.
   Beguiling: Conjurations, Hexes and Translocations.
Wands
 j - a wand of digging (15) {@v3}
   (You found it on level 6 of the Dungeon)
 n - a wand of acid (38) {@v1}
   (You found it on level 1 of the Lair of Beasts)
 F - a wand of iceblast (58) {@v2}
   (You found it on level 5 of the Dungeon)
 N - a wand of polymorph (40)
   (You found it on level 14 of the Dungeon)
 T - a wand of paralysis (31)
   (You found it on level 15 of the Dungeon)
 U - a wand of charming (10)
   (You found it on level 11 of the Dungeon)
Scrolls
 l - 5 scrolls of vulnerability
 p - 11 scrolls of blinking {@r4}
 s - 11 scrolls of teleportation {@r3 !r}
 u - 6 scrolls of fog {!r}
 E - 2 scrolls of summoning
 I - 6 scrolls of holy word
 O - 10 scrolls of fear {!r}
 Y - 3 scrolls of immolation
Potions
 c - 9 potions of ambrosia
 d - 8 potions of heal wounds {@q2 !q}
 e - 5 potions of mutation
 f - 5 potions of magic
 h - 20 potions of curing {@q1 !q}
 i - 6 potions of brilliance
 k - 3 potions of resistance
 o - 7 potions of lignification {@q6}
 t - 8 potions of attraction
 w - 6 potions of berserk rage
 A - 4 potions of invisibility
 D - 5 potions of haste {@q4 !q}
 L - 9 potions of cancellation
Miscellaneous
 r - a condenser vane
   (You bought it in a shop on level 2 of the Orcish Mines)
 K - a box of beasts
   (You found it on level 6 of the Lair of Beasts)
 Q - a phial of floods
   (You found it on level 10 of the Dungeon)
 S - a lightning rod (4/4)
   (You found it on level 11 of the Dungeon)
 Z - a tin of tremorstones (2/2)
   (You found it on level 6 of the Lair of Beasts)


   Skills:
 - Level 16.6(22.7) Fighting
 - Level 6.5(9.6) Armour
 - Level 6.0(9.1) Dodging
 - Level 2.0(4.2) Stealth
 - Level 15.0(17.9) Shields
 - Level 18.3(24.3) Spellcasting
 - Level 12.3(15.3) Conjurations
 + Level 16.2(23.6) Necromancy
 - Level 9.6(15.8) Transmutations
 - Level 16.2(27) Ice Magic
 - Level 14.1(25.0) Earth Magic
 - Level 14.0 Evocations


You had 2 spell levels left.
You knew the following spells:

 Your Spells              Type           Power      Damage    Failure   Level
a - Iron Shot             Conj/Erth      46%        9d9       1%          6
b - Ozocubu's Refrigerat  Ice            64%        4d17      1%          7
c - Polar Vortex          Ice            64%        N/A       2%          9
d - Hailstorm             Conj/Ice       100%       3d20      0%          4
e - Borgnjor's Revivific  Necr           49%        N/A       1%          8
f - Lee's Rapid Deconstr  Erth           51%        3d25*     0%          5
g - Statue Form           Tmut/Erth      62%        N/A       1%          6
h - Sublimation of Blood  Necr           49%        N/A       0%          2
k - Fulminant Prism       Conj/Hex       31%        3d16      1%          4
s - Shatter               Erth           51%        3d39*     4%          9
z - Irradiate             Conj/Tmut      41%        3d27      1%          5
M - Borgnjor's Vile Clut  Necr/Erth      50%        N/A       0%          5

Your spell library contained the following spells:

 Spells                   Type           Power      Damage    Failure   Level
 Animate Skeleton         Necr           100%       N/A       0%          1
 Freeze                   Ice            100%       1d11      0%          1
 Magic Dart               Conj           100%       1d8       0%          1
 Pain                     Necr           100%       1d9       0%          1
 Sandblast                Erth           100%       2d20      0%          1
 Ensorcelled Hibernation  Hex/Ice        100%       N/A       0%          2
 Passwall                 Tmut/Erth      77%        N/A       0%          2
 Searing Ray              Conj           100%       2d8       0%          2
 Wereblood                Tmut           83%        N/A       0%          2
 Foxfire                  Conj/Fire      100%       2x1d9     1%          1
 Shock                    Conj/Air       100%       1d9       1%          1
 Summon Small Mammal      Summ           100%       N/A       1%          1
 Slow                     Hex            32%        N/A       1%          2
 Frozen Ramparts          Ice            100%       1d12      0%          3
 Ozocubu's Armour         Ice            100%       N/A       0%          3
 Stone Arrow              Conj/Erth      100%       3d13      0%          3
 Vampiric Draining        Necr           49%        2d13      0%          3
 Animate Dead             Necr           49%        N/A       0%          4
 Petrify                  Tmut/Erth      93%        N/A       0%          4
 Excruciating Wounds      Necr           49%        N/A       0%          5
 Death Channel            Necr           49%        N/A       0%          6
 Simulacrum               Ice/Necr       62%        N/A       0%          6
 Conjure Flame            Conj/Fire      64%        6-21      1%          3
 Dazzling Flash           Conj/Hex       100%       N/A       1%          3
 Flame Wave               Conj/Fire      64%        3d11      1%          4
 Leda's Liquefaction      Hex/Erth       38%        N/A       1%          4
 Alistair's Intoxication  Tmut/Pois      42%        N/A       1%          5
 Blade Hands              Tmut           41%        N/A       1%          5
 Fireball                 Conj/Fire      32%        3d14      1%          5
 Freezing Cloud           Conj/Ice/Air   50%        6-21      1%          5
 Iskenderun's Battlesphe  Conj           82%        2d13      1%          5
 Metabolic Englaciation   Hex/Ice        49%        N/A       1%          5
 Yara's Violent Unravell  Hex/Tmut       31%        3d13      1%          5
 Dragon Form              Tmut           41%        N/A       1%          7
 Orb of Destruction       Conj           41%        9d14      1%          7
 Infestation              Necr           49%        N/A       1%          8
 Call Canine Familiar     Summ           36%        N/A       2%          3
 Inner Flame              Hex/Fire       35%        N/A       2%          3
 Swiftness                Air            38%        N/A       2%          3
 Lehudib's Crystal Spear  Conj/Erth      46%        10d11     2%          8
 Confusing Touch          Hex            32%        N/A       3%          3
 Gell's Gravitas          Tloc           16%        N/A       3%          3
 Lesser Beckoning         Tloc           32%        N/A       3%          3
 Portal Projectile        Hex/Tloc       64%        N/A       3%          3
 Summon Guardian Golem    Hex/Summ       34%        N/A       3%          3
 Teleport Other           Tloc           32%        N/A       3%          3
 Conjure Ball Lightning   Conj/Air       32%        3x3d10    6%          6
 Starburst                Conj/Fire      32%        6d10      6%          6
 Airstrike                Air            19%        N/A       7%          4
 Eringya's Noxious Bog    Tmut/Pois      32%        N/A       7%          6
 Passage of Golubria      Tloc           32%        N/A       11%         4
 Silence                  Hex/Air        17%        N/A       26%         5
 Spellforged Servitor     Conj/Summ      32%        N/A       36%         7
 Summon Cactus Giant      Summ           18%        N/A       78%         6
 Dispersal                Tloc           16%        N/A       86%         6
 Malign Gateway           Summ/Tloc      17%        N/A       100%        7
 Summon Hydra             Summ           18%        N/A       100%        7
 Ignition                 Fire           19%        3d7       100%        8
 Summon Horrible Things   Summ           18%        N/A       100%        8


Dungeon Overview and Level Annotations

Branches:
Dungeon (15/15)            Temple (1/1) D:7            Lair (6/6) D:11
  Swamp (4/4) Lair:2       Spider (4/4) Lair:2        Slime (5/5) Lair:6
    Orc (2/2) D:9             Elf (3/3) Orc:2        Vaults (4/5) D:14
  Crypt (0/3) Vaults:3     Depths (4/4) D:15            Zot (5/5) Depths:4
 Bailey (visited)           IceCv (visited)         Volcano (visited)
Desolation (visited)

Altars:
Ashenzari
Cheibriados
Dithmenos
Elyvilon
Fedhas
Gozag
Hepliaklqana
Kikubaaqudgha
Makhleb
Nemelex Xobeh
Okawaru
Qazlal
Ru
Sif Muna
Trog
Uskayaw
Vehumet
Wu Jian
Xom
Yredelemnul
Zin
The Shining One
Beogh
Jiyva

Shops:
D:9 :   D:12 :   D:13 [   Orc:2 *:([   Elf:2 [   Vaults:4 *[[   Depths:1 (*
Depths:2 (((

Portals:
Hell: Depths:1 Depths:2 Depths:3 Depths:4
Abyss: Depths:2 Depths:3
Pandemonium: Depths:1 Depths:2 Depths:4
Ziggurat: Depths:2

Annotations:
D:7 3 runed translucent doors, 1 exclusion, Maggie; TimeIsEndless's ghost, novice DrGl
Lair:1 1 runed translucent door, bgiannan's ghost, journeyman GrFi
Lair:3 1 runed translucent door, StikS32's ghost, journeyman GrFi
Lair:6 3 runed translucent doors, Grim's ghost, journeyman OgBe
Spider:4 3 runed translucent doors, exclusion: 3 doors, Duqoann's ghost, journeyman DgWn; Kytoel's ghost, adept VSBe; Qonint's ghost, adept GnWn
Elf:2 3 runed translucent doors
Vaults:3 1 exclusion
Vaults:4 1 runed translucent door, generaletaddeo's ghost, veteran DjWz
Zot:2 1 exclusion
Zot:3 exclusion: downstairs


Innate Abilities, Weirdness & Mutations

You are completely covered in rugged brown scales. (AC +3, +7% HP)
You have supernaturally acute eyesight. (SInv)
Armour fits poorly on your strangely shaped body.
You can roll at nearby foes to attack.
You have a long armoured tail.
You curl defensively after being hit.
You have sharp toenails.
You tend to lose your temper in combat.
You are dopey. (Int -2)
You are very frail. (-20% HP)
You have hidden genetic defects.


Message History

A Brimstone Fiend comes into view.
You feel clever all of a sudden.
Really quaff
D - 6 potions of haste {@q4 !q}?
You feel yourself speed up. The Brimstone Fiend gestures at you.
The sphere of damnation explodes!
The damnation engulfs you!!
Casting: Iron Shot (safe; 1% risk of failure)
Confirm with . or Enter, or press ? or * to list all spells.
You feel a strong surge of power!
A great freezing vortex appears and lifts you up.
Casting: Polar Vortex (dangerous; 2% risk of failure)
Confirm with . or Enter, or press ? or * to list all spells.
Aiming: Iron Shot (safe; 1% risk of failure)
Press: ? - help, Shift-Dir - straight line, f - Brimstone Fiend
Aim: a Brimstone Fiend (90% to hit)
You feel a surge of power!
The iron shot hits the Brimstone Fiend!!!
The Brimstone Fiend is heavily wounded.
Casting: Iron Shot (safe; 1% risk of failure)
Confirm with . or Enter, or press ? or * to list all spells.
Aiming: Iron Shot (safe; 1% risk of failure)
Press: ? - help, Shift-Dir - straight line, f/p - Brimstone Fiend
Aim: a Brimstone Fiend (heavily wounded, 90% to hit)
You feel a surge of power!
The iron shot hits the Brimstone Fiend!!!
The Brimstone Fiend is almost dead.
The Brimstone Fiend gestures at you.
The sphere of damnation explodes!
The damnation engulfs you!!
Casting: Iron Shot (safe; 1% risk of failure)
Confirm with . or Enter, or press ? or * to list all spells.
Aiming: Iron Shot (safe; 1% risk of failure)
Press: ? - help, Shift-Dir - straight line, f/p - Brimstone Fiend
Aim: a Brimstone Fiend (almost dead, 90% to hit)
You feel a surge of power!
The iron shot misses the Brimstone Fiend.
You kill the Brimstone Fiend!
You have reached level 25!
The winds around you start to calm down.
You float gracefully downwards.
A lorocyproca comes into view.
You are engulfed in whirling frost.
You are engulfed in whirling frost.
There is a stone staircase leading up here.
You climb upwards.
The winds around you calm down.
There is a stone staircase leading down here.
(D) Dungeon (T) Temple (L) Lair (S) Swamp (N) Spider Nest (M) Slime Pits (O) Orcish Mines (E) Elven Halls (V) Vaults (C) Crypt (U) Depths (H) Hell (Z) Zot
Where to? (Enter - D:1 @ (x,y), ? - help)
You see here a +0 scale mail.
HP restored.
There is a stone staircase leading up here.
You climb upwards.
There is a stone staircase leading down here.
Things that are here:
a +0 falchion; a +0 club You see here a +0 hand axe.
Things that are here:
a boomerang; a +0 dagger; a +0 short sword Your extra speed is starting to run out.
You feel a little less clever now.
You see here a +0 halberd.
You see here a +0 whip.
You see here a +0 club.
You feel yourself slow down.
There is a stone staircase leading up here.
You climb upwards.
There is a stone staircase leading down here.
A smoke demon, a pandemonium lord, a small abomination and a lich come into view.
Unknown command.
Press: ? - help, v - describe, . - travel
Here: Ypsyv, armed with an antimagic touch The floor.
Unknown command.
The smoke demon roars!
The lich shouts!
The lich casts a spell.
The lich flickers and vanishes for a moment.
The lich casts a spell.
The lich seems to speed up.
A Brimstone Fiend comes into view.
The Brimstone Fiend roars!
Blink to where?
Press: ? - help, Dir - move target
As you read the scroll of blinking {@r4}, it crumbles to dust.
You climb upwards.
There is a stone staircase leading down here.
(D) Dungeon (T) Temple (L) Lair (S) Swamp (N) Spider Nest (M) Slime Pits (O) Orcish Mines (E) Elven Halls (V) Vaults (C) Crypt (U) Depths (H) Hell (Z) Zot
Where to? (Enter - D:1 @ (x,y), ? - help)
You sense a monster nearby.
There is a stone staircase leading up here.
You climb upwards.
There is a stone staircase leading down here.
There is a broken door here.
There is a staircase leading out of the dungeon here.
You have escaped!

#.............#......###.###
##########.#####'####.# #.#
...........##PP#.#PP### #.#
#....#######P.P#.#≈≈P## #.#
#....# ##PPP.#.#≈≈≈P###.# ######
#P....#.#≈≈≈≈P##.# ########
#PP...#.#≈≈≈≈P##.#
.......#########.########.#
######'#.'......@......+..#
#.......#######.#######..#######
#.......#P≈≈≈≈#.#..P.P##........
#.......#P≈≈≈≈#.#..PPP########.#
##.......##P≈≈≈#.#.P.P### #.##.#
.........###P≈≈#.#..P##.####....#
...###.### ##PP#.#PP##.......####
.......# ####'######.###..#
.......#### #.##...#.#....#


There were no monsters in sight!

Vanquished Creatures
  the Royal Jelly (Slime:5)
  2 dread liches (Zot:5)
  2 ancient liches (Zot:5)
  3 orbs of fire (Zot:5)
  2 Killer Klowns
  Boris (thrice) (Vaults:3 Vaults:4 Depths:1)
  Bai Suzhen (Spider:2)
  5 caustic shrikes
  the Lernaean hydra (Swamp:4)
  7 golden dragons
  Arachne (Spider:3)
  A bone dragon (Depths:4)
  An electric golem (Zot:5)
  A Brimstone Fiend (D:6)
  4 liches
  13 tentacled monstrosities
  Asterion (Elf:3)
  26 Orb Guardians
  4 quicksilver dragons
  2 deep elf blademasters (Elf:3)
  2 titans (Depths:2)
  A walking frostbound tome (Depths:3)
  2 deep elf master archers (Elf:3)
  15 acid blobs
  5 death cobs
  A sphinx (Depths:2)
  4 tengu reavers
  6 storm dragons
  3 shadow dragons
  2 draconian monks
  3 thorn hunters
  6 azure jellies
  13 rockslimes
  6 deep elf sorcerers
  4 draconian knights
  4 fire giants
  2 iron dragons
  A fenstrider witch (Swamp:3)
  8 vault wardens
  3 orc warlords
  A balrug (Depths:2)
  A frost giant (Depths:2)
  2 draconian scorchers
  3 imperial myrmidons (Desolation)
  Louise (Elf:1)
  4 draconian shifters
  7 ghost moths
  4 draconian stormcallers
  4 draconian annihilators
  7 emperor scorpions (Spider:4)
  3 deep elf elementalists (Elf:3)
  11 ironbound preservers
  A war gargoyle (Vaults:1)
  2 spriggan defenders (Depths:2)
  9 stone giants
  3 very ugly things
  6 quicksilver oozes (Slime:5)
  11 black draconians
  4 deep elf demonologists
  17 dire elephants
  14 purple draconians
  5 entropy weavers
  11 green draconians
  A halazid warlock (Desolation)
  2 deep elf annihilators (Elf:3)
  13 white draconians
  19 spark wasps
  2 bunyips
  7 yellow draconians
  8 red draconians
  11 ettins
  4 eleionomae
  3 crystal guardians
  2 deep elf death magi
  5 fire dragons
  A shambling mangrove (Swamp:4)
  4 deep elf high priests (Elf:3)
  13 servants of whispers (Desolation)
  4 great orbs of eyes
  2 jiangshi (Depths:4)
  11 yaktaur captains
  9 ragged hierophants (Desolation)
  13 vault guards
  Erolcha (D:11)
  10 peacekeepers
  5 ice dragons
  27 hydras
  9 ironbound thunderhulks
  6 boulder beetles
  A ghost crab (Swamp:4)
  5 spriggan air magi
  11 ironbound frosthearts
  3 catoblepae
  13 centaur warriors
  2 ogre magi
  18 alligators
  10 two-headed ogres
  2 deep troll earth magi
  16 dancing weapons
  3 tengu warriors
  Erica (D:10)
  A deep troll shaman (Depths:3)
  A vampire mage (Depths:4)
  8 spriggan berserkers
  9 death yaks
  Urug (D:12)
  4 hell hogs (Zot:2)
  A sun demon (Depths:2)
  20 spriggans
  11 hell knights (Depths:2)
  6 orc high priests
  8 skeletal warriors
  A storm dragon zombie (Vaults:4)
  2 iron trolls (Depths:2)
  14 deep elf knights
  43 deep trolls
  4 goliath frogs
  2 spriggan druids
  A storm dragon skeleton (Depths:2)
  A golden dragon zombie (Vaults:4)
  9 swamp dragons
  16 deep elf archers
  17 ironbound convokers
  2 tengu zombies (Depths:2)
  4 bog bodies
  4 glowing orange brains
  10 wizards
  8 lindwurms
  4 harpies (Vaults:1)
  30 deep elf zephyrmancers
  9 orc knights
  4 orc sorcerers
  30 deep elf pyromancers
  7 necromancers
  14 wolf spiders
  An obsidian statue (D:14)
  An iron dragon zombie (Depths:2)
  37 ugly things
  20 orb spiders
  A salamander (shapeshifter) (D:13)
  An oklob plant (Lair:4)
  2 manticores
  A wolf spider (shapeshifter) (Depths:4)
  5 shining eyes
  4 will-o-the-wisps
  25 moths of wrath
  4 guardian serpents (Desolation)
  3 cyclopes
  A molten gargoyle (Desolation)
  A black mamba (shapeshifter) (D:13)
  4 torpor snails
  13 vault sentinels
  9 black mambas
  3 gargoyles (Volcano)
  2 naga magi (D:15)
  A smoke demon (Depths:2)
  9 elephants
  24 cane toads
  27 yaktaurs
  15 komodo dragons
  15 rime drakes
  A spark wasp simulacrum (Depths:2)
  2 kobold demonologists (D:14)
  4 human skeletons (Vaults:3)
  A red devil (D:8)
  15 demonic crawlers
  2 tengu conjurers
  A queen bee (Lair:5)
  3 trolls
  3 polar bears
  2 yaktaur skeletons (Vaults:3)
  3 meliai (Lair:5)
  8 tyrant leeches
  22 jumping spiders
  A bloated husk (Swamp:3)
  A tengu simulacrum (Vaults:4)
  29 hornets
  41 slime creatures
  71 saltlings (Desolation)
  A raiju (shapeshifter) (Elf:3)
  12 dream sheep
  25 blink frogs
  Sigmund (D:2)
  A stone giant simulacrum (Vaults:4)
  46 redbacks
  2 flying skulls (Volcano)
  A shadow (D:13)
  5 wyverns
  A vampire (D:10)
  36 tarantellas
  A centaur simulacrum (D:15)
  4 water elementals
  3 air elementals
  4 ettin skeletons (Vaults:3)
  4 wraiths
  46 yaks
  11 golden eyes
  6 basilisks
  21 humans
  2 elf skeletons (Vaults:3)
  2 fire elementals (Elf:1)
  17 vampire mosquitoes
  18 swamp worms
  A warg (Orc:2)
  11 water moccasins
  7 swamp drakes
  A spriggan simulacrum (Depths:2)
  40 orc warriors
  An ogre skeleton (Vaults:3)
  A black bear (D:7)
  A hornet zombie (D:6)
  2 sky beasts
  3 necrophages
  5 boggarts (Vaults:2)
  10 ogres
  17 wolves
  19 centaurs
  A phantom (D:5)
  3 earth elementals
  12 kobold brigands
  2 scorpions
  18 bullfrogs
  A wyvern zombie (D:6)
  A glowing shapeshifter simulacrum (Vaults:4)
  2 wyvern skeletons (D:6)
  22 killer bees
  5 lindwurm simulacra (IceCv)
  25 wights
  3 howler monkeys (D:12)
  3 electric eels
  A crimson imp (D:14)
  6 komodo dragon simulacra (IceCv)
  A bullfrog zombie (D:5)
  6 centaur zombies
  2 jellies
  2 centaur skeletons
  18 orc priests
  2 hounds
  A gnoll shaman (Orc:2)
  An iron imp (D:14)
  3 iguanas
  4 hell rats (Lair:6)
  23 orc wizards
  4 killer bee zombies
  2 naga skeletons (Volcano)
  2 hound skeletons (D:5)
  A howler monkey zombie (D:8)
  14 gnolls
  5 acid dragon simulacra (IceCv)
  6 adders
  2 shadow imps
  3 white imps
  3 ufetubi
  5 steam dragon simulacra (IceCv)
  3 dart slugs (D:3)
  104 orcs
  8 ball pythons
  6 bats
  6 endoplasms
  5 giant cockroaches
  17 goblins
  5 hobgoblins
  8 jackals (D:2)
  28 kobolds
  4 quokkas
  2 frilled lizards
  4 rats
  9 briar patches (Swamp:2)
  8 bushes
2146 creatures vanquished.

Vanquished Creatures (collateral kills)
  The ghost of fly the Tortoise, an adept FoDe of Uskayaw (Orc:2)
  A deep elf death mage (Elf:1)
  An orc knight (Bailey)
3 creatures vanquished.

Vanquished Creatures (others)
  A tentacled monstrosity (Zot:2)
  A red draconian (Zot:2)
  An ettin (Zot:2)
  An ice dragon (Zot:2)
  A black mamba (Lair:3)
  7 bushes
  8 foxfires
  3 fulminant prisms
  113 fungi
  194 plants
  11 withered plants
341 creatures vanquished.

Grand Total: 2490 creatures vanquished

Notes
Turn   | Place    | Note
-------+----------+-------------------------------------------
     0 | D:1      | EnegeticOcto the Palentonga Ice Elementalist began the
                  | quest for the Orb.
     0 | D:1      | Reached XP level 1. HP: 13/13 MP: 3/3
   368 | D:1      | Reached XP level 2. HP: 20/20 MP: 3/5
   957 | D:1      | Reached skill level 4 in Ice Magic
  1504 | D:2      | Reached XP level 3. HP: 25/25 MP: 3/6
  1590 | D:2      | Learned a level 3 spell: Frozen Ramparts
  1864 | D:2      | Noticed Sigmund
  2664 | D:3      | Reached XP level 4. HP: 32/32 MP: 5/7
  2694 | D:3      | Learned a level 3 spell: Ozocubu's Armour
  3102 | D:3      | Reached skill level 5 in Ice Magic
  3439 | D:4      | Noticed an ogre
  3453 | D:4      | Killed an ogre
  3454 | D:4      | Reached XP level 5. HP: 25/37 MP: 0/8
  3694 | D:4      | Reached skill level 6 in Ice Magic
  3845 | D:4      | Reached XP level 6. HP: 43/43 MP: 1/9
  4016 | D:4      | Reached skill level 2 in Stealth
  4029 | D:4      | Reached skill level 1 in Fighting
  4146 | D:4      | Identified the ring "Teenn" {Fly rPois Dex+6}
  4202 | D:4      | Reached skill level 2 in Fighting
  4528 | D:4      | Reached skill level 3 in Spellcasting
  4528 | D:4      | Gained mutation: You curl defensively after being hit.
                  | [Palentonga growth]
  4528 | D:4      | Reached XP level 7. HP: 53/53 MP: 3/12
  4985 | D:4      | Reached skill level 4 in Spellcasting
  5147 | D:2      | Killed Sigmund
  5148 | D:2      | Reached skill level 3 in Fighting
  5310 | D:5      | Entered Level 5 of the Dungeon
  5700 | D:5      | Reached skill level 7 in Ice Magic
  5700 | D:5      | Reached XP level 8. HP: 38/62 MP: 11/14
  6138 | D:6      | Noticed a manticore
  6162 | D:6      | Learned a level 4 spell: Hailstorm
  6440 | D:6      | Reached skill level 1 in Conjurations
  6805 | D:6      | Reached skill level 2 in Conjurations
  6844 | D:6      | Found an opulent altar of Gozag.
  7127 | D:6      | Reached skill level 3 in Conjurations
  7127 | D:6      | Reached skill level 8 in Ice Magic
  7153 | D:6      | Noticed a cyclops
  7166 | D:6      | Reached skill level 4 in Conjurations
  7273 | D:6      | Killed a cyclops
  7274 | D:6      | Reached skill level 5 in Conjurations
  7274 | D:6      | Reached XP level 9. HP: 57/68 MP: 9/15
  7545 | D:6      | Found a glowing golden altar of the Shining One.
  7708 | D:6      | Reached skill level 1 in Shields
  7749 | D:6      | Reached skill level 4 in Fighting
  7799 | D:6      | Found a snail-covered altar of Cheibriados.
  7998 | D:6      | Killed a manticore
  7999 | D:6      | Reached skill level 2 in Shields
  7999 | D:6      | Reached skill level 5 in Spellcasting
  8507 | D:7      | Reached skill level 5 in Fighting
  8878 | D:7      | Found a staircase to the Ecumenical Temple.
  8886 | D:7      | Identified the +8 hunting sling of Brawling {flame, rF+
                  | Int-2 Dex+4}
  8894 | Temple   | Entered the Ecumenical Temple
  8946 | Temple   | Became a worshipper of Ashenzari the Shackled
  9011 | D:7      | Noticed Maggie
  9071 | D:7      | Reached skill level 1 in Evocations
  9075 | D:7      | Reached skill level 2 in Evocations
  9154 | D:7      | Found an ornate altar of the Wu Jian Council.
  9233 | D:7      | Found a shadowy altar of Dithmenos.
  9246 | D:7      | Found a sacrificial altar of Ru.
  9285 | D:7      | Found a runed translucent gate.
  9286 | D:7      | Found a runed translucent gate.
  9287 | D:7      | Found a runed translucent gate.
  9289 | D:7      | Noticed TimeIsEndless's ghost (novice DrGl)
  9381 | D:7      | Reached skill level 6 in Spellcasting
  9507 | D:7      | Found a white marble altar of Elyvilon.
  9550 | D:7      | Reached skill level 3 in Evocations
  9607 | D:7      | Found a basalt altar of Yredelemnul.
  9941 | D:8      | Noticed a two-headed ogre
  9959 | D:8      | Found a radiant altar of Vehumet.
 10011 | D:8      | Reached skill level 4 in Evocations
 10293 | D:8      | Reached XP level 10. HP: 78/79 MP: 12/19
 10874 | D:8      | Killed a two-headed ogre
 10875 | D:8      | Reached skill level 9 in Ice Magic
 11169 | D:8      | Reached * piety under Ashenzari
 11183 | D:8      | Learned a level 7 spell: Ozocubu's Refrigeration
 11499 | D:9      | Found a flagged portal.
 11518 | Bailey   | Entered a bailey
 11728 | Bailey   | Reached skill level 10 in Ice Magic
 11860 | Bailey   | Reached skill level 12 in Ice Magic
 11860 | Bailey   | Reached XP level 11. HP: 84/84 MP: 20/20
 12077 | Bailey   | Noticed an orc knight
 12077 | Bailey   | Noticed an orc knight
 12102 | Bailey   | Killed an orc knight
 12103 | Bailey   | Reached skill level 13 in Ice Magic
 12106 | Bailey   | Killed an orc knight
 12770 | D:9      | Found a staircase to the Orcish Mines.
 12876 | D:9      | Found an iron altar of Okawaru.
 12906 | D:9      | Found Patren's Book Emporium.
 13098 | D:9      | Reached ** piety under Ashenzari
 13713 | D:10     | Entered Level 10 of the Dungeon
 13797 | D:10     | Noticed a two-headed ogre
 13799 | D:10     | Killed a two-headed ogre
 13800 | D:10     | Reached XP level 12. HP: 92/92 MP: 6/21
 14074 | D:10     | Found a stormy altar of Qazlal.
 14349 | D:10     | Reached *** piety under Ashenzari
 14391 | D:10     | Noticed Erica
 14396 | D:10     | Killed Erica
 14452 | D:10     | Noticed a two-headed ogre
 14522 | D:10     | Killed a two-headed ogre
 14715 | D:10     | Found a hazy altar of Hepliaklqana.
 14820 | D:11     | Reached skill level 14 in Ice Magic
 14894 | D:11     | Found a frozen archway.
 14906 | D:11     | Reached skill level 6 in Fighting
 14974 | IceCv    | Entered an ice cave
 16306 | IceCv    | Reached **** piety under Ashenzari
 16373 | IceCv    | Noticed an ice dragon
 16375 | IceCv    | Killed an ice dragon
 16376 | IceCv    | Reached skill level 7 in Spellcasting
 16376 | IceCv    | Reached skill level 5 in Evocations
 16752 | D:11     | Noticed a four-headed hydra
 16757 | D:11     | Killed a four-headed hydra
 16942 | D:11     | Found a staircase to the Lair.
 16989 | D:11     | Noticed a four-headed hydra
 16992 | D:11     | Killed a four-headed hydra
 16993 | D:11     | Reached skill level 7 in Fighting
 17191 | D:11     | Noticed Erolcha
 17196 | D:11     | Killed Erolcha
 17403 | Lair:1   | Entered Level 1 of the Lair of Beasts
 17403 | Lair:1   | Noticed a six-headed hydra
 17406 | Lair:1   | Reached skill level 8 in Spellcasting
 17406 | Lair:1   | Killed a six-headed hydra
 17411 | Lair:1   | Noticed a boulder beetle
 17516 | Lair:1   | Killed a boulder beetle
 17517 | Lair:1   | Reached skill level 8 in Fighting
 17840 | Lair:1   | Reached XP level 13. HP: 82/104 MP: 1/25
 18005 | Lair:1   | Found a runed translucent door.
 18006 | Lair:1   | Noticed bgiannan's ghost (journeyman GrFi)
 18358 | Lair:2   | Reached skill level 2 in Dodging
 18358 | Lair:2   | Reached skill level 6 in Evocations
 18435 | Lair:2   | Reached skill level 7 in Evocations
 18473 | Lair:2   | Reached skill level 3 in Dodging
 18938 | Lair:2   | Found a hole to the Spider Nest.
 19018 | Lair:2   | Identified the +1 robe of Qaustrig {Dex+5}
 19083 | Lair:2   | Reached skill level 8 in Evocations
 19107 | Lair:2   | Found a staircase to the Swamp.
 19249 | Lair:2   | Reached skill level 4 in Dodging
 19399 | Lair:3   | Found a runed translucent door.
 19399 | Lair:3   | Found a shimmering altar of Xom.
 19399 | Lair:3   | Noticed StikS32's ghost (journeyman GrFi)
 19461 | Lair:3   | Found a dark tunnel.
 19477 | Volcano  | Entered a volcano
 19641 | Volcano  | Reached skill level 9 in Evocations
 19922 | Volcano  | Reached skill level 9 in Spellcasting
 20561 | Lair:3   | Reached skill level 10 in Spellcasting
 20868 | Lair:3   | Identified the +5 trident "Ultimatum" {protect, rF++ rC-
                  | Dex+7}
 20926 | Lair:3   | Reached skill level 11 in Spellcasting
 21022 | Lair:3   | Reached skill level 1 in Armour
 21022 | Lair:3   | Reached XP level 14. HP: 91/120 MP: 24/32
 21161 | Lair:3   | Reached skill level 2 in Armour
 21240 | Lair:3   | Identified the Disquisition on Glacial Black Arts
 21240 | Lair:3   | Identified the +0 pair of boots "Etuemekk" {rElec SInv
                  | Stlth+}
 21648 | Lair:3   | Identified the +7 dire flail "Beastbane" {pain, Int+2}
 21944 | Lair:4   | Reached skill level 9 in Fighting
 22241 | Lair:4   | Identified the ring of Banuuc {rElec rN+ Int+2}
 22366 | Lair:4   | Found a sparkling altar of Nemelex Xobeh.
 22370 | Lair:4   | Reached skill level 10 in Fighting
 22969 | Lair:5   | Reached skill level 1 in Earth Magic
 23023 | Lair:5   | Reached skill level 2 in Earth Magic
 23177 | Lair:5   | Reached skill level 3 in Earth Magic
 23468 | Lair:5   | Reached ***** piety under Ashenzari
 23722 | Lair:5   | Reached skill level 4 in Earth Magic
 24033 | Lair:6   | Entered Level 6 of the Lair of Beasts
 24146 | Lair:6   | Reached skill level 6 in Conjurations
 24287 | Lair:6   | Reached skill level 7 in Conjurations
 24539 | Lair:6   | Found a glowing silver altar of Zin.
 24711 | Lair:6   | Reached skill level 8 in Conjurations
 24822 | Lair:6   | Reached XP level 15. HP: 135/135 MP: 12/34
 25051 | Lair:6   | Found a viscous altar of Jiyva.
 25077 | Lair:6   | Found a staircase to the Slime Pits.
 25093 | Lair:6   | Reached skill level 9 in Conjurations
 25444 | Lair:6   | Found a runed translucent gate.
 25445 | Lair:6   | Found a runed translucent gate.
 25447 | Lair:6   | Found a runed translucent gate.
 25453 | Lair:6   | Identified the +1 dagger "Zelarchen" {flame, +Blink}
 25454 | Lair:6   | Noticed Grim's ghost (journeyman OgBe)
 25587 | Lair:6   | Reached skill level 10 in Conjurations
 25710 | Lair:6   | Reached skill level 5 in Earth Magic
 25730 | Lair:6   | Reached skill level 1 in Transmutations
 26101 | Orc:1    | Entered Level 1 of the Orcish Mines
 26343 | Orc:1    | Learned a level 6 spell: Iron Shot
 26350 | Orc:1    | Learned a level 6 spell: Statue Form
 26366 | Orc:2    | Entered Level 2 of the Orcish Mines
 26369 | Orc:2    | Found Ugaic's Antique Armour Shoppe.
 26373 | Orc:2    | Reached skill level 2 in Transmutations
 26474 | Orc:2    | Noticed an orc warlord
 26478 | Orc:2    | Killed an orc warlord
 26511 | Orc:2    | Reached skill level 3 in Transmutations
 26640 | Orc:2    | Reached skill level 6 in Earth Magic
 26728 | Orc:2    | Found Gokk's Antique Weapon Shop.
 27053 | Orc:2    | Found Posykka's Book Boutique.
 27183 | Orc:1    | Reached skill level 4 in Transmutations
 27183 | Orc:1    | Reached skill level 10 in Evocations
 27654 | Orc:2    | Found Laifesiq's General Store.
 27720 | Orc:2    | Bought a scroll of immolation for 52 gold pieces
 27720 | Orc:2    | Bought 2 throwing nets for 90 gold pieces
 27720 | Orc:2    | Bought a condenser vane for 600 gold pieces
 27837 | Orc:2    | Found a staircase to the Elven Halls.
 27904 | Orc:2    | Noticed fly's ghost (adept FoDe)
 27905 | Orc:2    | Identified the Compendium of the End
 27913 | Orc:2    | Found a runed translucent door.
 28075 | Orc:2    | Killed fly's ghost
 28406 | D:12     | Reached skill level 3 in Shields
 28541 | D:12     | Reached skill level 5 in Transmutations
 28751 | D:12     | Noticed Urug
 28798 | D:12     | Found Kuelej's Book Boutique.
 28806 | D:12     | Bought a book of Ice for 598 gold pieces
 29005 | D:12     | Killed Urug
 29006 | D:12     | Reached skill level 4 in Shields
 29665 | D:13     | Found Dunypiot's Antique Armour Shoppe.
 29726 | D:13     | Bought a crude robe for 108 gold pieces
 29726 | D:13     | Identified the +1 robe of Tomorrow {Rampage rPois Int+2
                  | Stlth-} (You bought it in a shop on level 13 of the
                  | Dungeon)
 30000 | D:13     | Reached skill level 5 in Shields
 30453 | D:14     | Identified the +5 ring mail of Coot Hyo {rF+ Stlth+}
 30820 | D:14     | Reached XP level 16. HP: 139/139 MP: 19/33
 30877 | D:14     | Reached skill level 6 in Shields
 30917 | D:14     | Found a gate to the Vaults.
 31337 | D:14     | Reached skill level 7 in Shields
 31652 | D:14     | Identified Buk Och's Almanac of Plaster Cramp
 31652 | D:14     | Identified the Papyrus of Axaxaxas mlö
 31760 | D:14     | Identified the Almanac of Sand
 31943 | D:15     | Entered Level 15 of the Dungeon
 32096 | D:15     | Found a staircase to the Depths.
 32140 | D:15     | Reached skill level 8 in Shields
 32624 | D:15     | Reached skill level 9 in Shields
 33465 | Spider:1 | Entered Level 1 of the Spider Nest
 33725 | Lair:2   | Identified the cursed +2 pair of gloves of Cremastomancy
                  | {Alch, Bglg} (You found it on level 6 of the Lair of
                  | Beasts)
 33861 | Swamp:1  | Entered Level 1 of the Swamp
 33874 | Swamp:1  | Noticed a thorn hunter
 33878 | Swamp:1  | Killed a thorn hunter
 34051 | Swamp:1  | Reached skill level 10 in Shields
 34842 | Swamp:2  | Noticed a tentacled monstrosity
 34847 | Swamp:2  | Killed a tentacled monstrosity
 35039 | D:12     | Bought a book of Alchemy for 364 gold pieces
 35045 | D:12     | Learned a level 5 spell: Irradiate
 35048 | D:12     | Learned a level 2 spell: Sublimation of Blood
 35345 | Swamp:2  | Reached skill level 1 in Necromancy
 35571 | Swamp:2  | Noticed a thorn hunter
 35574 | Swamp:2  | Killed a thorn hunter
 35728 | Swamp:2  | Reached skill level 2 in Necromancy
 35729 | Swamp:2  | Reached skill level 11 in Shields
 35964 | Swamp:3  | Reached skill level 3 in Necromancy
 36157 | Swamp:3  | Reached XP level 17. HP: 148/148 MP: 13/35
 36420 | Swamp:3  | Identified a scroll of acquirement
 36558 | Swamp:3  | Reached skill level 12 in Shields
 37138 | Swamp:4  | Entered Level 4 of the Swamp
 37643 | Swamp:4  | Noticed a tentacled monstrosity
 37647 | Swamp:4  | Killed a tentacled monstrosity
 37695 | Swamp:4  | Reached skill level 13 in Shields
 38477 | Swamp:4  | Noticed the 27-headed Lernaean hydra
 38482 | Swamp:4  | Killed the 27-headed Lernaean hydra
 38555 | Swamp:4  | Reached skill level 14 in Shields
 38802 | Swamp:4  | Got a decaying rune of Zot
 40148 | Spider:2 | Identified the +3 spear of the Elven Halls {vorpal, *Rage
                  | rPois rCorr}
 40189 | Spider:2 | Identified the +7 dagger of Infection {freeze, Dex+4}
 41065 | Spider:2 | Acquired 964 gold pieces
 41083 | Spider:3 | Reached skill level 15 in Shields
 41259 | Spider:3 | Reached XP level 18. HP: 156/156 MP: 22/36
 41341 | Spider:3 | Noticed Bai Suzhen
 41411 | Spider:2 | Killed Bai Suzhen
 41676 | Spider:3 | Reached skill level 15 in Ice Magic
 42006 | Spider:3 | Noticed Arachne
 42014 | Spider:3 | Killed Arachne
 42470 | Spider:4 | Entered Level 4 of the Spider Nest
 43466 | Spider:4 | Reached skill level 7 in Earth Magic
 43519 | Spider:4 | Found a runed translucent gate.
 43520 | Spider:4 | Found a runed translucent gate.
 43520 | Spider:4 | Found a runed translucent gate.
 43521 | Spider:4 | Noticed Duqoann's ghost (journeyman DgWn)
 43521 | Spider:4 | Noticed Qonint's ghost (adept GnWn)
 43521 | Spider:4 | Noticed Kytoel's ghost (adept VSBe)
 43747 | Spider:4 | Reached skill level 11 in Evocations
 43852 | Spider:4 | Reached skill level 11 in Fighting
 44466 | Spider:4 | Got a gossamer rune of Zot
 44542 | Spider:4 | Identified the cursed +4 troll leather armour of Star-Bound
                  | Wisdom {Regen+, Comp, Self} (You found it on level 2 of the
                  | Orcish Mines)
 44932 | Elf:1    | Entered Level 1 of the Elven Halls
 45228 | Elf:1    | Found the +0 mask of the Dragon {Will+ Slay+3 SInv}
 45228 | Elf:1    | Identified Dispater's Tome of the Entourage
 45305 | Elf:1    | Identified the ring "Neiz" {rC+ AC+4}
 45328 | Elf:1    | Reached skill level 12 in Spellcasting
 45346 | Elf:1    | Noticed Louise
 45352 | Elf:1    | Paralysed by an air elemental for 1 turns
 45355 | Elf:1    | Paralysed by an air elemental for 1 turns
 45359 | Elf:1    | Killed Louise
 45911 | Elf:2    | Reached skill level 12 in Evocations
 45911 | Elf:2    | Reached XP level 19. HP: 165/165 MP: 33/38
 45912 | Elf:2    | Reached skill level 12 in Fighting
 46001 | Elf:2    | Found Remesuss's Antique Armour Shop.
 46006 | Elf:2    | Bought a pair of fine gloves for 237 gold pieces
 46006 | Elf:2    | Identified the +1 pair of gloves "Sokesup" {+Inv rF+} (You
                  | bought it in a shop on level 2 of the Elven Halls)
 46006 | Elf:2    | Bought a glowing cloak for 187 gold pieces
 46253 | Elf:2    | Found a crumbling gateway.
 46269 | Desolati | Entered the Desolation of Salt
 46989 | Desolati | Reached skill level 13 in Spellcasting
 46992 | Desolati | Identified the amulet of Xom's Passing Interest {Harm
                  | Regen+ rCorr Int-2}
 47048 | Desolati | Identified the +1 plate armour "Buucapee" {rN+ Regen+}
 47159 | Desolati | Reached skill level 13 in Fighting
 47276 | Desolati | Reached skill level 13 in Evocations
 47369 | Desolati | Identified the +1 crystal plate armour "Xoask" {Rampage
                  | rF++ rN+ SInv}
 47383 | Desolati | Identified the ring of Wegav {Ice *Corrode rElec Will+
                  | Str+6}
 47621 | Desolati | Identified Sif Muna's Incunabulum of Curses
 47621 | Desolati | Identified the Catalogue of Conjuration
 48052 | Elf:2    | Found a runed translucent gate.
 48052 | Elf:2    | Found a runed translucent gate.
 48075 | Elf:2    | Found a runed translucent gate.
 48765 | Elf:3    | Entered Level 3 of the Elven Halls
 49028 | Elf:3    | Identified the +2 kite shield "Dikoc" {Str+6 Int+4 Slay+3}
 49028 | Elf:3    | Noticed Asterion
 49033 | Elf:3    | Killed Asterion
 49598 | Elf:3    | Reached XP level 20. HP: 175/177 MP: 22/40
 49781 | Elf:3    | Reached skill level 14 in Fighting
 50144 | Elf:3    | Reached skill level 14 in Spellcasting
 50269 | Elf:3    | Identified the ring "Luethau" {Fire Int+4 Dex+3}
 50746 | Elf:3    | Identified the +2 robe of Intuition {rN+ Will- rCorr SInv}
 50749 | Elf:3    | Reached skill level 14 in Evocations
 50771 | Elf:3    | Identified the ring of Foyxze {Will+ Str+6}
 50812 | Elf:3    | Identified the ring "Hunourph" {rPois rCorr Str+2}
 50812 | Elf:3    | Identified the +2 scale mail of the Elephant {Harm}
 50818 | Elf:3    | Identified the +0 helmet of Feikuj {+Blink rN+ rCorr Dex-4}
 50818 | Elf:3    | Identified the +1 leather armour "Toskud" {Str+4 Int+2}
 51049 | Elf:3    | Identified the ring "Piestrugh" {rPois Will+ Int+3 Dex+4}
 51493 | Vaults:1 | Entered Level 1 of the Vaults
 51497 | Vaults:1 | Reached skill level 6 in Transmutations
 52529 | Vaults:1 | Reached skill level 7 in Transmutations
 52803 | Vaults:1 | Reached skill level 4 in Necromancy
 53988 | Vaults:1 | Reached skill level 11 in Conjurations
 53988 | Vaults:1 | Reached skill level 5 in Necromancy
 54291 | Vaults:2 | Reached skill level 5 in Dodging
 54292 | Vaults:2 | Reached skill level 8 in Transmutations
 54747 | Vaults:2 | Reached skill level 6 in Necromancy
 55162 | Vaults:2 | Identified the +1 plate armour of the Sea {Str+4}
 55279 | Vaults:2 | Reached XP level 21. HP: 152/184 MP: 21/41
 55431 | Vaults:2 | Reached skill level 6 in Dodging
 55435 | Vaults:2 | Reached skill level 9 in Transmutations
 56300 | Vaults:2 | Reached skill level 12 in Conjurations
 56634 | Vaults:2 | Learned a level 9 spell: Polar Vortex
 57013 | Vaults:3 | Noticed Boris
 57019 | Vaults:3 | Killed Boris
 57449 | Vaults:3 | Reached skill level 3 in Armour
 58294 | Vaults:3 | Found a staircase to the Crypt.
 59064 | Vaults:3 | Reached skill level 15 in Fighting
 59929 | Vaults:4 | Noticed Boris
 59934 | Vaults:4 | Killed Boris
 60089 | Vaults:4 | Found Sochamof's Antique Armour Shoppe.
 60094 | Vaults:4 | Bought an ichor-stained robe for 228 gold pieces
 60094 | Vaults:4 | Identified the +1 robe "Gasucs" {+Blink Dex+3 Slay-5 SInv}
                  | (You bought it in a shop on level 4 of the Vaults)
 60094 | Vaults:4 | Bought a glowing scarf for 320 gold pieces
 60179 | Vaults:4 | Reached skill level 15 in Spellcasting
 60362 | Vaults:4 | Found Siamuyrph's Assorted Antiques.
 60364 | Vaults:4 | Found Sootuk's Antique Armour Emporium.
 60379 | Vaults:4 | Reached skill level 16 in Ice Magic
 60421 | Vaults:4 | Bought an embroidered scarf for 240 gold pieces
 60426 | Vaults:4 | Bought a potion of resistance for 410 gold pieces
 60426 | Vaults:4 | Bought a scroll of fear for 143 gold pieces
 60426 | Vaults:4 | Bought a potion of invisibility for 328 gold pieces
 60451 | Vaults:4 | Found a runed translucent door.
 60451 | Vaults:4 | Found a shimmering altar of Xom.
 60451 | Vaults:4 | Noticed generaletaddeo's ghost (veteran DjWz)
 61289 | Depths:1 | Entered Level 1 of the Depths
 61292 | Depths:1 | Noticed Boris
 61297 | Depths:1 | Killed Boris
 61634 | Depths:1 | Found Paoquexu's Antique Weapon Boutique.
 61649 | Depths:1 | Reached XP level 22. HP: 205/205 MP: 34/46
 61731 | Depths:1 | Found an ancient bone altar of Kikubaaqudgha.
 61991 | Depths:1 | Found a one-way gate leading to the halls of Pandemonium.
 62124 | Depths:1 | Found a gateway to Hell.
 62171 | Depths:1 | Found Epimepn's General Store.
 62179 | Depths:1 | Bought a potion of haste for 190 gold pieces
 62179 | Depths:1 | Bought a potion of haste for 190 gold pieces
 62179 | Depths:1 | Bought a wand of digging (3) for 266 gold pieces
 62750 | Depths:2 | Reached skill level 8 in Earth Magic
 63188 | Depths:2 | Found a one-way gate to the infinite horrors of the Abyss.
 63492 | Depths:2 | Reached skill level 16 in Fighting
 63547 | Depths:2 | Found a gateway to a ziggurat.
 63549 | Depths:2 | Found Zempacai's Weapon Boutique.
 63553 | Depths:2 | Reached skill level 9 in Earth Magic
 64198 | Depths:2 | Noticed a golden dragon
 64394 | Depths:2 | Killed a golden dragon
 64475 | Depths:2 | Found Jetoqus's Weapon Shop.
 64783 | Depths:2 | Found Nemesoj's Antique Weapon Shoppe.
 65200 | Depths:3 | Upgraded the game from 0.28-a0-724-g66f9036eb4 to
                  | 0.28-a0-728-g0181a31188
 65216 | Depths:3 | Reached skill level 10 in Earth Magic
 65220 | Depths:3 | Noticed a golden dragon
 65306 | Depths:3 | Killed a golden dragon
 65307 | Depths:3 | Reached skill level 16 in Spellcasting
 65542 | Depths:3 | Noticed a caustic shrike
 65545 | Depths:3 | Killed a caustic shrike
 67327 | Depths:4 | Entered Level 4 of the Depths
 67530 | Depths:4 | Noticed a caustic shrike
 67532 | Depths:4 | Noticed a caustic shrike
 67532 | Depths:4 | Noticed a caustic shrike
 67533 | Depths:4 | Noticed a caustic shrike
 67536 | Depths:4 | Killed a caustic shrike
 67536 | Depths:4 | Killed a caustic shrike
 67536 | Depths:4 | Killed a caustic shrike
 67538 | Depths:4 | Killed a caustic shrike
 67709 | Depths:4 | Reached skill level 11 in Earth Magic
 68108 | Depths:4 | Found a gate to the Realm of Zot.
 68116 | Depths:4 | Reached XP level 23. HP: 162/217 MP: 20/48
 68537 | Depths:4 | Learned a level 5 spell: Lee's Rapid Deconstruction
 68543 | Depths:4 | Learned a level 5 spell: Borgnjor's Vile Clutch
 69297 | Slime:1  | Entered Level 1 of the Pits of Slime
 69302 | Slime:1  | Reached skill level 12 in Earth Magic
 69310 | Slime:1  | Gained mutation: Your spells are a little easier to cast,
                  | but a little less powerful. [a shining eye]
 69311 | Slime:1  | Gained mutation: You tend to lose your temper in combat. [a
                  | shining eye]
 69313 | Slime:1  | Gained mutation: Your spells are easier to cast, but less
                  | powerful. [a shining eye]
 69314 | Slime:1  | Gained mutation: You expend magic power (3 MP) to
                  | strengthen your wands. [a shining eye]
 69470 | Slime:1  | Gained mutation: You are dopey. (Int -2) [a shining eye]
 69525 | Slime:1  | Lost mutation: Your spells are easier to cast, but less
                  | powerful. [potion of mutation]
 69525 | Slime:1  | Lost mutation: You expend magic power (3 MP) to strengthen
                  | your wands. [potion of mutation]
 69525 | Slime:1  | Gained mutation: You have sharp toenails. [potion of
                  | mutation]
 69526 | Slime:1  | Lost mutation: Your spells are a little easier to cast, but
                  | a little less powerful. [potion of mutation]
 69526 | Slime:1  | Lost mutation: You are dopey. (Int -2) [potion of mutation]
 69526 | Slime:1  | Gained mutation: You are frail. (-10% HP) [potion of
                  | mutation]
 69810 | Slime:2  | Learned a level 4 spell: Fulminant Prism
 69841 | Slime:2  | Reached ****** piety under Ashenzari
 69852 | Slime:2  | Learned a level 9 spell: Shatter
 70031 | Slime:5  | Entered Level 5 of the Pits of Slime
 70120 | Slime:5  | Reached skill level 13 in Earth Magic
 70832 | Slime:5  | Noticed the Royal Jelly
 70848 | Slime:5  | Killed the Royal Jelly
 71079 | Slime:5  | Identified the ring of Bun Uli {rPois rF- Int+2 Slay+2}
 71086 | Slime:5  | Identified the +9 glaive of Rubbish {chaos, rC+ Stlth+}
 71086 | Slime:5  | Identified the +2 helmet of Hedging {rElec Str+4 SInv}
 71152 | Slime:5  | Got a slimy rune of Zot
 71621 | Zot:1    | Entered Level 1 of the Realm of Zot
 71822 | Zot:1    | Identified the +1 robe of Oronat {rF- Will+++ Int+9 Dex-5}
 71924 | Zot:1    | Reached skill level 14 in Earth Magic
 71987 | Zot:2    | Reached skill level 4 in Armour
 72424 | Zot:1    | Reached skill level 17 in Spellcasting
 72753 | Zot:1    | Reached skill level 5 in Armour
 72914 | Zot:2    | Noticed an orb of fire
 72915 | Zot:2    | Gained mutation: You are dopey. (Int -2) [an orb of fire]
 74022 | Zot:2    | Reached skill level 6 in Armour
 74108 | Zot:2    | Reached skill level 18 in Spellcasting
 74593 | Depths:1 | Learned a level 8 spell: Borgnjor's Revivification
 74748 | Zot:3    | Identified the +4 halberd "Sismel" {vorpal, rCorr Int+2
                  | Dex-2}
 74920 | Zot:3    | Reached skill level 7 in Necromancy
 75060 | Zot:3    | Identified the +8 hunting sling of the Eggplant {venom,
                  | rPois Dex+2}
 75289 | Zot:3    | Noticed a Killer Klown
 75296 | Zot:3    | Reached XP level 24. HP: 205/205 MP: 18/51
 75296 | Zot:3    | Killed a Killer Klown
 75297 | Zot:3    | Reached skill level 8 in Necromancy
 75752 | Zot:3    | Reached skill level 9 in Necromancy
 76305 | Zot:4    | Acquired 787 gold pieces
 76536 | Zot:5    | Entered Level 5 of the Realm of Zot
 76539 | Zot:5    | Reached skill level 10 in Necromancy
 76987 | Zot:5    | Reached skill level 11 in Necromancy
 77313 | Zot:5    | Reached skill level 12 in Necromancy
 77676 | Zot:5    | Noticed an ancient lich
 77686 | Zot:5    | Killed an ancient lich
 77689 | Zot:5    | Noticed a dread lich
 77693 | Zot:5    | Killed a dread lich
 77694 | Zot:5    | Reached skill level 13 in Necromancy
 77705 | Zot:5    | Noticed an orb of fire
 77716 | Zot:5    | Noticed an orb of fire
 77724 | Zot:5    | Gained mutation: You are very frail. (-20% HP) [an orb of
                  | fire]
 77725 | Zot:5    | Killed an orb of fire
 77727 | Zot:5    | Killed an orb of fire
 77734 | Zot:5    | Noticed a dread lich
 77736 | Zot:5    | Killed a dread lich
 77737 | Zot:5    | Reached skill level 14 in Necromancy
 77760 | Zot:5    | Noticed a Killer Klown
 77763 | Zot:5    | Killed a Killer Klown
 77770 | Zot:5    | Noticed an ancient lich
 77774 | Zot:5    | Killed an ancient lich
 77778 | Zot:5    | Noticed an orb of fire
 77790 | Zot:5    | Gained mutation: You have hidden genetic defects. [an orb
                  | of fire]
 77793 | Zot:5    | Killed an orb of fire
 77832 | Zot:5    | Reached skill level 15 in Necromancy
 78096 | Zot:5    | Got the Orb of Zot
 78207 | Zot:2    | Reached skill level 16 in Necromancy
 78549 | D:6      | Reached XP level 25. HP: 145/190 MP: 26/51
 78612 | D:3      | Noticed Ypsyv the pandemonium lord
 78670 | D:$      | Escaped with the Orb!

Illustrated notes

Levels and vault maps discovered:
D:1:      psy_arrival_terrarium, layout_basic
D:2:      layout_loops_ring, uniq_sigmund
D:3:      layout_basic
D:4:      layout_loops_ring
D:5:      layout_basic, amcnicky_mini_pool_small, kennysheep_generic_room_12
D:6:      layout_loops_cross, lemuel_tele_altar,
          mainiacjoe_overflow_cross_hatched, nicolae_overflow_hidden_temple,
          minmay_crystal_water, minmay_manual_monstrance
D:7:      minmay_the_grid_triangle_9x9_recursive_2
          [minmay_the_grid_triangle_9x9_prize_center,
          minmay_the_grid_triangle_9x9_corruption,
          minmay_the_grid_triangle_9x9_sparse_checkered,
          minmay_the_grid_triangle_9x9_from_above], layout_cave_pools,
          kennysheep_ying_yang, nicolae_ru_great_annihilating_truth,
          mainiacjoe_overflow_catwalk_spiral, minmay_temple_entry_stoned_glass,
          biasface_ghost_orc_armoury, hangedman_decor_lopped,
          minmay_misc_feat_cross, grunt_ministairs_5, uniq_maggie
D:8:      layout_basic, fiery_altar_vehumet, minmay_misc_feat_square,
          amcnicky_mini_pool_medium
D:9:      layout_stronghold, okawaru_humans, erik_orc_4, serial_shops, shop,
          enter_bailey_5, chequers_serial_rivers_room_b
D:10:     layout_basic, nzn_hepliaklqana_mist_gate, grunt_qazlal_clouds,
          uniq_erica
D:11:     layout_gridville, dpeg_oklobed_lair, portal_ice_cave_entry_pillars_2,
          uniq_erolcha
D:12:     layout_gridville, serial_shops, shop_fountains, uniq_urug
D:13:     layout_cave_pools, serial_column_ruins, column_ruins_grid_1,
          column_ruins_grid_1, column_ruins_grid_2,
          column_ruins_open_small_water, serial_shops,
          nicolae_shop_overgrown_old_shop
D:14:     kennysheep_kobold_grotto, layout_basic, grunt_vaults_entry_tiered,
          bh_hangedman_babel_library
D:15:     grunt_enter_depths_magical_seal, layout_basic
Temple:   cyrus_temple_forest
Lair:1:   layout_misc_corridors, gammafunk_ghost_grave, nzn_sisyphean_effort,
          serial_bayou_shore_b
Lair:2:   layout_gridlike, nicolae_swamp_entry_splash_gauntlet,
          spider_nest_entry_webs
Lair:3:   nzn_winding_woodlands_large [nzn_winding_woodlands_5x5_checkerboard,
          nzn_winding_woodlands_5x15_eye, nzn_winding_woodlands_5x5_cross,
          nzn_winding_woodlands_center_diamonds,
          nzn_winding_woodlands_15x15_thick_spiral,
          nzn_winding_woodlands_center_pierced_h,
          nzn_winding_woodlands_5x5_closed_star,
          nzn_winding_woodlands_5x15_lazy_stream,
          nzn_winding_woodlands_5x5_three], layout_long_grid, ebering_ghost_xom,
          nicolae_volcano_entry_s_turn
Lair:4:   layout_loops_ring, basic_altar
Lair:5:   layout_gridlike, special_room [special_room_bee]
Lair:6:   minmay_lair_end_frog_pond, layout_cave_shapes, slime_altar_1,
          gammafunk_ghost_necromancy, basic_altar
Swamp:1:  layout_basic_swamp, evilmike_swamp_ruin_house_2,
          infiniplex_staircase_pool_2
Swamp:2:  layout_basic_swamp, evilmike_swamp_ruin_house_5, swamp_pool1,
          nicolae_swamp_big_swirl
Swamp:3:  layout_basic_swamp, serial_swamp_ruin, hangedman_swamp_ruin_wall,
          evilmike_swamp_ruin_house_3
Swamp:4:  swamp_old_school, layout_basic_swamp, infiniplex_staircase_pool
Spider:1: cheibrodos_forgotten_conduit
Spider:2: layout_chambers
Spider:3: layout_spider_delve, uniq_arachne, uniq_bai_suzhen
Spider:4: johnstein_spider_rune_arachne_lair, gammafunk_ghost_cemetery,
          nicolae_spider_wall_of_niches
Slime:1:  layout_caves
Slime:2:  cheibrodos_slime_lost_civilization_10, layout_caves
Slime:3:  layout_caves
Slime:4:  layout_caves
Slime:5
Orc:1:    layout_caves, serial_shops
Orc:2:    grunt_orc_gardens, layout_caves, grunt_orc_garden, grunt_orc_garden,
          grunt_orc_garden, grunt_orc_garden, ebering_ghost_reflecting_pool
Elf:1:    eino_elf_arrival_sip, layout_rooms, minmay_elf_demonology, uniq_louise
Elf:2:    elven_hall_of_blades_hangedman_original [nicolae_blade_lattice],
          layout_gridlike, portal_desolation_entry_ruin, serial_shops,
          nicolae_shop_waterfront, drop_trap
Elf:3:    elf_hall, layout_gridlike, kennysheep_underground_church,
          uniq_asterion
Vaults:1: vaults_room_large_hall, v_rooms_1, ontoclasm_vaults_shuriken,
          v_pattern_2, vaults_room_grunt_arrival_checkpoint,
          grunt_vaults_hallway_long, ontoclasm_vaults_idyll, v_misc_22,
          ontoclasm_vaults_loading_screen, ontoclasm_vaults_ring_square,
          hangedman_vaults_slice, ontoclasm_vaults_decontamination,
          v_alt_pattern_2, layout_vaults_omnibox
Vaults:2: v_misc_5, ontoclasm_vaults_eye, st_cross, hangedman_vaults_hat,
          nicolae_vaults_twisting_passages, nicolae_vaults_sealed_display,
          hangedman_vaults_restitches, ontoclasm_vaults_twist,
          grunt_vaults_focal, layout_vaults_omnicross
Vaults:3: minmay_crypt_entry_skeletal_spiral, hangedman_vaults_stream,
          v_misc_11, nicolae_vaults_big_ls, nicolae_vaults_three_branches,
          v_alt_pattern_5, layout_vaults_omnigrid, uniq_boris
Vaults:4: ebering_ghost_xom, hangedman_vaults_locks, v_misc_25, v_misc_11,
          vaults_mumra_lcd, nicolae_vaults_network_s, ontoclasm_vaults_chip,
          nicolae_vaults_circle_grid_a, layout_vaults_ring, serial_shops,
          nicolae_shop_competitors_out_of_business, nicolae_square_shop, shop
Depths:1: layout_cave_shapes, hell_entry, grunt_decor_junction, pan_entry,
          serial_shops, nicolae_shop_stone, shop, kiku_gazebo_garden_becter
Depths:2: grunt_x_marks_the_spot, layout_cave_pools, enter_ziggurat_f,
          pan_entry, abyss_entry, serial_shops, nicolae_inconvenience_store,
          nicolae_shop_behind_doors, kennysheep_little_box, lightli_too_deep
Depths:3: kennysheep_room_grid, layout_gridlike, nicolae_twisting_strands,
          abyss_entry_small_statue_room, hell_entry
Depths:4: grunt_zot_entry_tricorne, layout_gridlike, rand_demon_pan_entry_9,
          hell_entry, minmay_misc_feat_columns
Zot:1:    layout_misc_corridors
Zot:2:    hangedman_zot_vaults_quadrants, layout_cathedral_of_symmetry,
          nrook_zot_tub
Zot:3:    layout_basic
Zot:4:    kennysheep_spiral_hall, layout_basic, door_vault
Zot:5:    layout_gridville

Skill      XL: |  1  2  3  4  5  6  7  8  9 10 11 12 13 14 15 16 17 18 19 20 21 22 23 24 |
---------------+-------------------------------------------------------------------------+-----
Ice Magic      | 4 5 6 7 8 12 13 14 15 16 | 16.2
Stealth        | 2 |  2.0
Fighting       | 2 3 5 8 10 11 13 14 15 16 | 16.6
Spellcasting   | 3 4 6 8 11 12 13 14 15 16 18 | 18.3
Conjurations   | 5 8 10 11 12 | 12.3
Shields        | 2 5 11 15 | 15.0
Evocations     | 4 5 9 10 12 13 14 | 14.0
Dodging        | 4 5 6 |  6.0
Armour         | 1 2 3 6 |  6.5
Earth Magic    | 4 6 7 11 14 | 14.1
Transmutations | 5 8 9 |  9.6
Necromancy     | 3 6 7 16 | 16.2

Action                   |  1- 3 |  4- 6 |  7- 9 | 10-12 | 13-15 | 16-18 | 19-21 | 22-24 | 25-27 || total
-------------------------+-------+-------+-------+-------+-------+-------+-------+-------+-------++-------
Melee: Whip              |    10 |       |       |       |       |       |       |       |       ||    10
       Short sword       |     2 |       |       |       |       |       |       |       |       ||     2
       Falchion          |       |    43 |       |       |       |       |       |       |       ||    43
       Tailslap          |       |     8 |    39 |    31 |    19 |    30 |       |     1 |       ||   128
       Flail             |       |     9 |   260 |   218 |   122 |    46 |       |       |       ||   655
       Spear             |       |     7 |       |       |       |       |       |       |       ||     7
       Staff             |       |       |       |       |       |   155 |    10 |     3 |       ||   168
Throw: Stone             |    11 |     6 |    28 |     4 |       |       |       |       |       ||    49
 Cast: Freeze            |    58 |    17 |     5 |     3 |       |       |       |       |       ||    83
       Frozen Ramparts   |     3 |    16 |    27 |    10 |     3 |       |       |       |       ||    59
       Ozocubu's Armour  |       |     7 |    30 |    18 |     5 |     3 |       |       |       ||    63
       Hailstorm         |       |       |    12 |    94 |    47 |    19 |    10 |     3 |       ||   185
       Ozocubu's Refrige |       |       |       |    31 |   303 |   457 |   341 |   351 |       ||  1483
       Iron Shot         |       |       |       |       |    45 |    92 |   232 |   207 |       ||   576
       Irradiate         |       |       |       |       |       |    53 |    19 |    22 |       ||    94
       Statue Form       |       |       |       |       |       |     4 |     3 |       |       ||     7
       Sublimation of Bl |       |       |       |       |       |    49 |    49 |    49 |       ||   147
       Polar Vortex      |       |       |       |       |       |       |       |    15 |       ||    15
       Lee's Rapid Decon |       |       |       |       |       |       |       |     5 |       ||     5
       Shatter           |       |       |       |       |       |       |       |     8 |       ||     8
       Borgnjor's Vile C |       |       |       |       |       |       |       |     2 |       ||     2
       Fulminant Prism   |       |       |       |       |       |       |       |     3 |       ||     3
Invok: Curse Item        |       |       |     1 |     5 |     4 |     2 |     5 |     2 |       ||    19
       Shatter the Chain |       |       |       |       |     2 |     3 |     3 |     1 |       ||     9
 Abil: End Transformatio |       |       |       |       |       |     1 |     1 |       |       ||     2
Evoke: Wand              |       |       |     1 |     2 |     3 |    11 |       |     5 |       ||    22
       Phial of floods   |       |       |       |     1 |       |     1 |       |       |       ||     2
       Lightning rod     |       |       |       |       |     8 |     8 |       |       |       ||    16
       Box of beasts     |       |       |       |       |     1 |     1 |       |       |       ||     2
       Phantom mirror    |       |       |       |       |     1 |       |       |       |       ||     1
       Tin of tremorston |       |       |       |       |       |     7 |       |       |       ||     7
       Condenser vane    |       |       |       |       |       |     3 |       |       |       ||     3
  Use: Scroll            |       |     3 |     8 |     3 |     4 |     9 |     2 |    13 |     1 ||    43
       Potion            |       |       |       |     1 |       |       |       |    12 |       ||    13
 Stab: Sleeping          |       |       |     3 |       |     2 |       |       |       |       ||     5
       Petrified         |       |       |       |       |     2 |       |       |       |       ||     2
       Petrifying        |       |       |       |       |     1 |       |       |       |       ||     1
Armor: Robe              |    19 |    19 |   168 |   153 |    17 |       |       |       |       ||   376
       Leather armour    |       |       |       |       |    59 |       |       |       |       ||    59
       Scale mail        |       |       |       |       |    13 |       |       |       |       ||    13
       Troll leather arm |       |       |       |       |     7 |   236 |    42 |    51 |       ||   336
       Skin              |       |       |       |       |       |   132 |       |       |       ||   132
Dodge: Dodged            |    30 |    28 |   196 |   134 |   145 |   236 |    38 |    40 |       ||   847
       Repelled          |       |       |     1 |     7 |     1 |    14 |       |       |       ||    23
Block: Buckler           |       |       |    55 |    74 |    75 |    69 |       |       |       ||   273
       Tower shield      |       |       |       |       |       |   466 |   187 |   145 |       ||   798

Table legend: (Time is in decaauts)
 A = Elapsed time spent in this place.
 B = Non-inter-level travel time spent in this place.
 C = Inter-level travel time spent in this place.
 D = Time resting spent in this place.
 E = Time spent auto-exploring this place.
 F = Levels seen in this place.
 G = Mean time per level.
                   A        B        C        D        E       F      G
               +--------+--------+--------+--------+--------+-----+--------+
         Total |  79279 |  74393 |   4886 |  16818 |  44994 |  57 | 1390.9 |
       Dungeon |  21856 |  19976 |   1880 |   3636 |  12771 |  15 | 1457.1 |
        Temple |     95 |     95 |      0 |      0 |      0 |   1 |   95.0 |
          Lair |   9106 |   8400 |    706 |   1462 |   5555 |   6 | 1517.7 |
         Swamp |   4941 |   4751 |    190 |    511 |   3621 |   4 | 1235.2 |
   Spider Nest |   5590 |   5375 |    215 |    869 |   3629 |   4 | 1397.5 |
    Slime Pits |   1860 |   1797 |     63 |   1405 |      0 |   5 |  372.0 |
  Orcish Mines |   2198 |   2045 |    153 |    239 |   1320 |   2 | 1099.0 |
   Elven Halls |   4727 |   4599 |    128 |   1218 |   2563 |   3 | 1575.7 |
        Vaults |   9994 |   9492 |    502 |    676 |   7801 |   4 | 2498.5 |
        Depths |   7739 |   7174 |    565 |   1535 |   4765 |   4 | 1934.8 |
           Zot |   6325 |   5844 |    481 |   2464 |   2381 |   5 | 1265.0 |
        Bailey |    759 |    759 |      0 |    523 |      0 |   1 |  759.0 |
      Ice Cave |   1781 |   1781 |      0 |   1285 |    131 |   1 | 1781.0 |
       Volcano |    604 |    604 |      0 |    283 |      0 |   1 |  604.0 |
    Desolation |   1698 |   1698 |      0 |    712 |    456 |   1 | 1698.0 |
               +--------+--------+--------+--------+--------+-----+--------+

Top non-repeatable levels by time:
Vaults:3: 2944 daAuts
Depths:2: 2688 daAuts
Vaults:1: 2663 daAuts
Vaults:2: 2641 daAuts
     D:6: 2356 daAuts
Spider:4: 2223 daAuts
    D:14: 2105 daAuts
   Elf:3: 2094 daAuts
   Zot:3: 2033 daAuts
Depths:4: 1951 daAuts
   Zot:1: 1921 daAuts
  Lair:6: 1912 daAuts
  Lair:2: 1907 daAuts
  Lair:3: 1843 daAuts
Depths:1: 1809 daAuts
